Map: Data-C

Players

Future

  • Race: Terran Terran
  • Spawn Location: 3:00

Solar - Winner!

  • Race: Zerg Zerg
  • Spawn Location: 9:00

Event: DreamHack SC2 Masters 2022 Atlanta (Offline)

VOD

Have the link to the VOD?

Description

Time

  • Played on: Nov. 18, 2022, 12:55 p.m.
  • Length: 12:04

All games in this series

Show
View Real Time Build Order
Export as new Build Order

Future Terran 

Build Orders:  

Get SALT Encoding   

  12  0:00  SCV  
  13  0:12  SCV  
  14  0:17  Supply Depot  
  14  0:24  SCV  
  15  0:38  SCV  
  15  0:39  Barracks  
  16  0:43  Refinery  
  16  0:50  SCV  
  17  1:02  SCV  
  18  1:15  SCV  
  19  1:26  Barracks Reactor  
  19  1:27  Orbital Command  
  19  1:40  Command Center  
  19  1:50  Supply Depot  
  19  1:52  SCV  
  20  2:04  SCV, Factory  
  20  2:07  Marine  
  22  2:09  Marine  
  23  2:16  SCV  
  24  2:24  Marine  
  24  2:27  Marine  
  24  2:28  SCV  
  27  2:40  SCV  
  28  2:48  Command Center  
  28  2:52  SCV  
  28  2:55  Orbital Command  
  29  3:02  Barracks Tech Lab  
  29  3:04  SCV  
  30  3:06  Hellion  
  30  3:09  Hellion  
  34  3:17  SCV  
  35  3:21  SCV, Stimpack, Marine  
  37  3:29  SCV  
  37  3:32  Barracks  
  37  3:33  SCV  
  39  3:39  Marine  
  39  3:41  SCV  
  41  3:43  Factory Reactor  
  41  3:45  SCV, Barracks  
  42  3:49  Refinery  
  42  3:51  Refinery  
  42  3:53  SCV  
  43  3:57  SCV, Marine  
  43  4:01  Orbital Command  
  45  4:05  SCV  
  45  4:09  SCV  
  47  4:10  Engineering Bay  
  47  4:12  Supply Depot  
  47  4:14  Marine  
  48  4:17  SCV  
  48  4:20  Marine x2  
  48  4:21  SCV  
  52  4:26  Starport  
  52  4:30  SCV, Orbital Command  
  53  4:31  Factory Reactor  
  53  4:33  SCV  
  53  4:34  Marine  
  55  4:39  Terran Infantry Weapons Level 1  
  55  4:41  Supply Depot  
  55  4:42  SCV  
  55  4:44  Supply Depot  
  55  4:45  Marine x3  
  58  4:46  SCV, Marine  
  61  4:54  SCV  
  61  4:56  SCV  
  61  4:58  SCV, Marine  
  65  5:03  Marine x3  
  65  5:04  Marine  
  65  5:06  SCV, Combat Shield  
  70  5:08  SCV  
  70  5:10  SCV  
  70  5:11  Supply Depot  
  70  5:13  Supply Depot  
  70  5:14  Supply Depot  
  72  5:15  Medivac x2  
  72  5:17  Factory Tech Lab  
  72  5:18  SCV  
  72  5:20  SCV  
  78  5:22  SCV  
  78  5:25  Bunker  
  78  5:26  Supply Depot  
  79  5:30  SCV  
  79  5:31  Marine x2  
  79  5:32  SCV  
  79  5:34  SCV  
  79  5:35  Marine x3  
  87  5:37  Siege Tank  
  87  5:41  Supply Depot  
  90  5:42  SCV  
  90  5:44  SCV  
  90  5:46  SCV  
  90  5:48  Marine  
  90  5:49  Marine  
  95  5:53  Marine x3  
  95  5:55  SCV  
  95  5:56  SCV  
  100  6:01  SCV  
  100  6:02  Barracks x2  
  101  6:07  SCV  
  101  6:08  SCV  
  101  6:10  Siege Tank, Marine  
  107  6:13  Medivac x2  
  111  6:21  Barracks  
  111  6:22  Barracks  
  111  6:23  Refinery x2  
  110  6:25  Barracks  
  110  6:28  Marine x2  
  110  6:29  Marauder, Marine x2  
  110  6:32  Supply Depot  
  116  6:33  Supply Depot  
  116  6:35  Supply Depot, Concussive Shells  
  116  6:45  Siege Tank, Marine  
  116  6:46  Marine  
  120  6:47  Marine  
  120  6:50  Marauder  
  120  6:53  Supply Depot, SCV x2  
  126  6:54  Supply Depot, SCV  
  126  6:57  Missile Turret  
  126  6:58  Terran Infantry Armor Level 1  
  126  7:03  Barracks Reactor x2  
  126  7:05  Missile Turret  
  125  7:12  Barracks Tech Lab, Marauder  
  125  7:13  Barracks Tech Lab  
  125  7:14  Barracks Tech Lab  
  125  7:15  Marine x3  
  128  7:17  Siege Tank  
  130  7:28  Marine  
  130  7:29  Medivac x2  
  132  7:32  Marauder  
  132  7:33  Marauder x2, Marine  
  139  7:40  Marauder, Marine x3  
  139  7:41  Marine x2  
  145  7:44  Marine  
  145  7:47  Marine  
  145  7:51  Marine  
  148  7:54  Marauder, Marine x2  
  152  8:00  Marine x5  
  152  8:01  Marauder  
  152  8:02  Marine  
  152  8:04  Marine  
  161  8:08  Supply Depot  
  161  8:10  Siege Tank  
  161  8:12  Marauder x2, Marine  
  169  8:15  Marauder  
  171  8:20  Marine x2  
  173  8:29  Marine  
  173  8:30  Marauder  
  173  8:31  Marine x2  
  173  8:32  Marine x3  
  173  8:34  Marauder  
  180  8:37  Marine  
  181  8:46  Supply Depot  
  181  8:48  Supply Depot, Marine  
  181  8:50  Marine  
  181  8:53  Marauder x3, Marine x3  
  181  8:55  Marauder  
  169  8:56  Marine x2  
  169  8:58  Siege Tank  
  174  9:05  Liberator x2  
  180  9:11  Ghost Academy  
  180  9:15  Marauder x2  
  184  9:22  Command Center  
  184  9:28  Marauder x2, Marine x2  
  184  9:29  Marine  
  170  9:38  Siege Tank  
  170  9:39  Marine  
  170  9:41  Marauder  
  170  9:44  Refinery  
  160  9:53  Factory  
  160  9:57  SCV x2  
  160  9:58  SCV  
  163  10:01  Barracks Tech Lab  
  163  10:02  Liberator  
  163  10:03  Liberator  
  169  10:09  SCV x2  
  169  10:10  SCV, Missile Turret  
  169  10:12  Ghost x3  
  176  10:15  Personal Cloaking  
  176  10:21  SCV  
  176  10:28  Sensor Tower  
  177  10:31  Siege Tank  
  177  10:32  SCV x2  
  182  10:35  Refinery  
  182  10:37  Refinery  
  182  10:38  Planetary Fortress  
  182  10:42  SCV  
  183  10:44  SCV  
  183  10:45  SCV  
  177  10:56  Medivac  
  167  11:03  Siege Tank  
  161  11:04  Marauder, Marine  
  161  11:05  Marauder x3, Marine x7  
  162  11:12  Medivac  
  162  11:13  SCV x2  
  162  11:16  SCV x2  
  163  11:22  Marine x3  
  163  11:23  Marine x2  
  163  11:25  SCV x2  
  169  11:26  Medivac, Marauder x2  
  169  11:28  Supply Depot x2, SCV  
  169  11:31  Missile Turret x2  
Show
View Real Time Build Order
Export as new Build Order

Solar Zerg - Winner!

Build Orders: Hatch First, Lurkers 

Get SALT Encoding   

  12  0:00  Drone  
  13  0:13  Overlord  
  13  0:19  Drone  
  14  0:32  Drone x2  
  16  0:48  Hatchery  
  15  0:52  Drone  
  15  0:56  Drone  
  17  0:59  Drone  
  18  1:10  Extractor  
  17  1:14  Spawning Pool  
  17  1:17  Drone  
  17  1:21  Drone  
  18  1:29  Drone  
  19  1:40  Drone  
  20  1:51  Drone  
  21  2:01  Queen x2  
  23  2:07  Drone  
  23  2:08  Drone  
  27  2:12  Overlord  
  27  2:14  Drone  
  28  2:23  Hatchery  
  28  2:25  Drone  
  28  2:31  Drone  
  28  2:33  Drone  
  28  2:34  Drone  
  31  2:37  Queen  
  31  2:43  Overlord  
  33  2:47  Metabolic Boost  
  33  2:51  Drone  
  33  2:55  Drone x2  
  36  3:06  Drone x2  
  36  3:10  Drone x3  
  41  3:13  Queen  
  41  3:19  Overlord  
  43  3:22  Queen, Extractor  
  43  3:24  Overlord  
  45  3:34  Queen  
  45  3:35  Drone  
  45  3:36  Drone x2  
  45  3:40  Zergling x4  
  52  3:42  Drone x2  
  52  3:47  Overlord  
  52  3:48  Drone x2  
  56  3:49  Zergling x2  
  56  3:52  Drone  
  56  3:53  Drone  
  59  3:57  Drone x2  
  59  3:59  Queen  
  63  4:03  Overlord  
  63  4:05  Drone  
  64  4:10  Queen  
  64  4:11  Drone x2  
  68  4:17  Drone x2  
  68  4:19  Drone  
  68  4:22  Drone  
  68  4:23  Drone, Overlord  
  73  4:26  Drone x3, Extractor  
  73  4:27  Extractor  
  73  4:28  Lair  
  73  4:29  Drone  
  73  4:30  Drone  
  76  4:31  Drone  
  76  4:32  Drone  
  78  4:39  Roach Warren  
  78  4:42  Drone x2, Extractor  
  78  4:45  Spore Crawler  
  76  4:47  Drone x3  
  76  4:49  Drone  
  76  4:50  Evolution Chamber  
  79  4:53  Drone x2, Overlord  
  79  4:54  Drone x3  
  79  4:57  Evolution Chamber  
  83  5:00  Extractor x2, Overlord  
  83  5:04  Overlord  
  83  5:06  Overlord  
  81  5:12  Drone x2  
  83  5:15  Drone  
  83  5:16  Drone  
  85  5:21  Zerg Ground Armor Level 1, Hatchery  
  85  5:22  Zerg Missile Weapons Level 1  
  85  5:25  Roach  
  85  5:28  Glial Reconstitution  
  86  5:29  Roach  
  86  5:30  Overseer  
  86  5:32  Roach  
  86  5:34  Overlord  
  90  5:36  Roach  
  90  5:38  Roach  
  90  5:41  Roach x2  
  98  5:44  Roach  
  98  5:46  Roach  
  98  5:47  Overlord  
  102  5:50  Roach x2  
  102  5:54  Roach x2  
  102  5:55  Overlord  
  110  5:58  Roach  
  110  5:59  Roach  
  110  6:01  Overlord  
  114  6:04  Overlord  
  114  6:05  Overlord  
  114  6:08  Roach  
  115  6:12  Drone x3  
  115  6:17  Infestation Pit  
  115  6:18  Hydralisk Den  
  116  6:22  Roach x3  
  116  6:23  Drone x3  
  125  6:26  Drone  
  125  6:29  Ravager x2  
  125  6:30  Ravager  
  125  6:31  Drone  
  130  6:35  Roach x2  
  130  6:37  Drone  
  134  6:49  Drone x2  
  134  6:50  Extractor  
  134  6:51  Overlord  
  134  6:52  Queen, Lurker Den  
  134  6:53  Drone  
  137  6:55  Zergling x6, Hive  
  137  6:56  Zergling x6, Extractor  
  137  6:59  Drone x3  
  145  7:02  Drone  
  145  7:04  Overlord  
  145  7:05  Zergling x2  
  147  7:09  Drone  
  147  7:11  Drone  
  149  7:19  Drone  
  149  7:20  Hydralisk x5  
  149  7:22  Spore Crawler, Drone  
  158  7:27  Zergling x2  
  158  7:28  Zergling x4  
  156  7:34  Hydralisk x2  
  156  7:35  Overlord x2  
  156  7:36  Spore Crawler  
  159  7:39  Zergling x6  
  159  7:42  Zerg Missile Weapons Level 2, Zerg Ground Armor Level 2  
  160  7:52  Overlord  
  160  7:54  Lurker  
  160  7:55  Lurker x4  
  165  8:02  Lurker  
  165  8:03  Lurker  
  165  8:05  Zergling x6  
  169  8:11  Zergling x12  
  175  8:15  Viper x2  
  179  8:20  Roach x2  
  179  8:21  Ravager  
  179  8:26  Ravager  
  185  8:30  Zergling x8  
  172  8:38  Hydralisk x2  
  172  8:40  Seismic Spines  
  171  8:41  Ravager  
  171  8:44  Hatchery  
  171  8:45  Zergling x2  
  171  8:46  Zergling x18  
  180  8:53  Hydralisk x4  
  187  8:57  Ravager  
  187  8:59  Zergling x14  
  187  9:00  Zergling x2  
  196  9:15  Lurker  
  197  9:18  Hydralisk  
  197  9:20  Grooved Spines  
  199  9:35  Extractor  
  199  9:37  Adaptive Talons  
  197  9:47  Adrenal Glands  
  199  9:52  Drone x2  
  199  9:55  Baneling Nest  
  199  9:56  Drone  
  199  9:58  Zerg Melee Weapons Level 1  
  199  10:05  Drone  
  200  10:12  Drone x3  
  199  10:31  Drone  
  199  10:32  Muscular Augments  
  199  10:35  Spore Crawler, Extractor x2  
  198  10:36  Spore Crawler  
  198  10:38  Drone x4  
  199  10:43  Hatchery  
  199  10:45  Drone  
  192  10:53  Hydralisk x3  
  192  10:54  Zergling x6  
  186  10:57  Hydralisk x4  
  186  10:58  Hydralisk x5  
  186  11:00  Zergling x6, Hatchery  
  198  11:10  Hydralisk x3  
  182  11:12  Hydralisk x3  
  182  11:15  Hydralisk x2  
  182  11:17  Zergling x18  
Tags
 
Add a new tag
Caveats
  • Supply blocks, unpowered buildings, or Contaminate may cause inaccurate times.
  • Supply counts are checked every 10 seconds.